 Dungeon Crawl Stone Soup version 0.29-a0-1014-ga8c0faee3b (webtiles) character file.

Game seed: 10847356759557906313

5 BritishOli the Slasher (level 1, -1/16 HPs)
             Began as a Demonspawn Gladiator on Aug 9, 2022.
             Frozen to death by an endoplasm (3 damage)
             ... on level 1 of the Dungeon.
             The game lasted 00:00:26 (371 turns).

BritishOli the Slasher (Demonspawn Gladiator)        Turns: 371, Time: 00:00:26

Health: -1/16      AC:  4    Str: 14    XL:     1   Next: 66%
Magic:  1/1        EV: 12    Int:  9    God:
Gold:   0          SH:  0    Dex: 14    Spells: 0/0 levels left

rFire   . . .      SeeInvis .   a - +0 long sword
rCold   . . .      Faith    .   (no shield)
rNeg    . . .      Spirit   .   b - +0 leather armour
rPois   .          Reflect  .   c - +0 helmet
rElec   .          Harm     .   (no cloak)
rCorr   .          Rampage  .   (no gloves)
Will    .....                   (no boots)
Stlth   +.........              (no amulet)
HPRegen 0.05/turn               (no ring)
MPRegen 0.07/turn               (no ring)

@: no status effects
A: no striking features
a: no special abilities


You were on level 1 of the Dungeon.
You visited 1 branch of the dungeon, and saw 1 of its levels.

Inventory:

Hand Weapons
 a - a +0 long sword (weapon)
Missiles
 d - 3 throwing nets (quivered)
 e - a javelin
Armour
 b - a +0 leather armour (worn)
 c - a +0 helmet (worn)


   Skills:
 + Level 2.1 Fighting
 + Level 2.8 Long Blades
 + Level 1.9 Throwing
 + Level 2.8 Dodging


You couldn't memorise any spells.
You didn't know any spells.
Your spell library was empty.

Dungeon Overview and Level Annotations

Branches:
Dungeon (1/15)

Altars:


Message History

The bat closely misses you.
You closely miss the goblin.
The goblin is moderately wounded.
The bat hits you but does no damage. The goblin hits you with a +0 club.
The frilled lizard misses you. The goblin barely misses you.
The endoplasm freezes you.
You are frozen.
The frilled lizard bites you.
* * * LOW HITPOINT WARNING * * *
The bat attacks as you move away! The bat closely misses you.
The bat completely misses you. The endoplasm attacks as you move away!
The endoplasm hits you but does no damage.
The bat closely misses you. The bat barely misses you.
The bat hits you but does no damage. The bat closely misses you.
The bat barely misses you. The bat attacks as you move away!
The bat hits you but does no damage. The bat hits you.
* * * LOW HITPOINT WARNING * * *
The bat closely misses you. The bat closely misses you. The bat misses you.
The bat closely misses you. The bat barely misses you.
The bat attacks as you move away! The bat hits you but does no damage. x2
The bat attacks as you move away! The bat hits you but does no damage. x2
The bat hits you but does no damage. The bat hits you but does no damage.
Things that are here:
a +0 dagger; a kobold skeleton; a hobgoblin skeleton The bat attacks as you move away!
The bat misses you. The bat hits you but does no damage.
The bat barely misses you.
Things that are here:
a +0 dagger; a kobold skeleton; a hobgoblin skeleton You hit the endoplasm.
The endoplasm is almost dead.
The endoplasm barely misses you.
You barely miss the endoplasm.
The endoplasm is almost dead.
The endoplasm freezes you.
You are frozen.
You die...

#.# #. #g............
. .. #..........#.. .#
##..(####### . #.
##...# # ##..###
##.####.g.#
#......lg##
.♣♣♣♣♣♣♣J#############
♣♣@............
♣P..P♣####........
~~~.♣♣( #........ ~~
♣. #........ ..
#........ .# #........
.♣ .. ##........ ...
.# #......... ....
#.....##..


You could see an endoplasm, a hobgoblin, a goblin and a frilled lizard.

Vanquished Creatures
  An endoplasm (D:1)
  2 hobgoblins (D:1)
  A kobold (D:1)
  A rat (D:1)
5 creatures vanquished.

Vanquished Creatures (others)
  3 plants (D:1)
3 creatures vanquished.

Grand Total: 8 creatures vanquished

Notes
Turn   | Place    | Note
-------+----------+-------------------------------------------
     0 | D:1      | BritishOli the Demonspawn Gladiator began the quest for the
                  | Orb.
     0 | D:1      | Reached XP level 1. HP: 16/16 MP: 1/1
   371 | D:1      | Frozen to death by an endoplasm

Illustrated notes

Levels and vault maps discovered:
D:1:      dpeg_arrival_simpleton_b, layout_rooms, serial_forest,
          infiniplex_forest_clump_small, infiniplex_forest_clump_medium,
          infiniplex_forest_clump_diagonal, infiniplex_forest_clump_diagonal,
          infiniplex_forest_pool, infiniplex_forest_end_2,
          infiniplex_forest_lined_4_way, minmay_distorted

Action                   || total
-------------------------++-------
Melee: Long sword        ||    24
       Punch             ||     2
Armor: Leather armour    ||    24
Dodge: Dodged            ||    54

Table legend: (Time is in decaauts)
 A = Elapsed time spent in this place.
 B = Non-inter-level travel time spent in this place.
 C = Inter-level travel time spent in this place.
 D = Time resting spent in this place.
 E = Time spent auto-exploring this place.
 F = Levels seen in this place.
 G = Mean time per level.
                   A        B        C        D        E       F      G
               +--------+--------+--------+--------+--------+-----+--------+
         Total |    377 |    377 |      0 |    264 |     47 |   1 |  377.0 |
       Dungeon |    377 |    377 |      0 |    264 |     47 |   1 |  377.0 |
               +--------+--------+--------+--------+--------+-----+--------+

Top non-repeatable levels by time:
     D:1: 377 daAuts
